 Dungeon Crawl Stone Soup version 0.24-a0-446-g87df720 (webtiles) character file.

Game seed: 3399995782138077558

92 MatthieuS the Charlatan (level 4, 0/34 HPs)
             Began as a Spriggan Artificer on June 23, 2019.
             Slain by a worker ant (5 damage)
             ... on level 3 of the Dungeon.
             The game lasted 00:05:32 (2527 turns).

MatthieuS the Charlatan (Spriggan Artificer)        Turns: 2527, Time: 00:05:33

Health: 0/34       AC:  2    Str: 13    XL:     4   Next: 35%
Magic:  8/8        EV: 19    Int: 13    God:
Gold:   76         SH:  0    Dex: 16    Spells: 3/3 levels left

rFire    . . .     SeeInvis +   a - +0 short sword
rCold    . . .     Gourm    .   (shield restricted)
rNeg     . . .     Faith    .   c - +0 robe {Archmagi}
rPois    .         Spirit   .   (helmet restricted)
rElec    .         Reflect  .   (no cloak)
rCorr    .         Harm     .   (gloves unavailable)
MR       +....                  (boots unavailable)
Stlth    ..........             (no amulet)
HPRegen  0.11/turn              l - ring of protection from magic
MPRegen  0.11/turn              (no ring)

@: berserking, lethally poisoned (0 -> -3), very quick
A: very small, unfitting armour, see invisible, herbivore, speed 3, slow
metabolism 2
a: no special abilities


You were on level 3 of the Dungeon.
You were not hungry.

You visited 1 branch of the dungeon, and saw 3 of its levels.

You collected 76 gold pieces.

Inventory:

Hand Weapons
 a - a +0 short sword (weapon)
Missiles
 i - 7 poisoned darts (quivered)
Armour
 c - a +0 robe of the Archmagi (worn)
   (You found it on level 1 of the Dungeon)
Jewellery
 l - a ring of protection from magic (left hand)
   (You found it on level 1 of the Dungeon)
Wands
 d - a wand of enslavement (15)
 f - a wand of random effects (8)
Scrolls
 g - 2 scrolls of identify {unknown}
 j - a scroll of remove curse {unknown}
 m - a scroll of enchant weapon {unknown}
Potions
 b - a potion of cancellation
 h - a potion of brilliance {unknown}
Comestibles
 e - 4 rations


   Skills:
 * Level 1.9 Fighting
 + Level 1.8 Short Blades
 + Level 3.6 Dodging
 + Level 2.9 Stealth
 * Level 5.1 Evocations


You had 3 spell levels left.
You didn't know any spells.
Your spell library was empty.

Dungeon Overview and Level Annotations

Branches:
Dungeon (3/15)

Altars:


Innate Abilities, Weirdness & Mutations

You are very small and have problems with some larger weapons.
You are too small for most types of armour.
You have supernaturally acute eyesight. (SInv)
You are a herbivore.
You cover ground extremely quickly.
You need to consume almost no food.


Message History

You start resting.
Done exploring.
Done exploring.
Done exploring.
There is a stone staircase leading down here.
You climb downwards.
A worker ant comes into view.
Found a scroll labeled HISO HIGGIRGH.
There is a stone staircase leading up here.
The worker ant twitches its antennae in your direction.
The worker ant completely misses you.
You hit the worker ant but do no damage.
The worker ant completely misses you.
You hit the worker ant but do no damage.
The worker ant barely misses you.
You barely miss the worker ant. The worker ant bites you.
The worker ant barely misses you.
You hit the worker ant.
The worker ant bites you but does no damage.
You hit the worker ant. The worker ant closely misses you.
You barely miss the worker ant. The worker ant barely misses you.
You hit the worker ant but do no damage.
The worker ant bites you!
* * * LOW HITPOINT WARNING * * *
Aim: a worker ant (heavily wounded)
The puff of flame hits the worker ant.
The now-empty wand crumbles to dust.
The worker ant bites you.
* * * LOW HITPOINT WARNING * * *
The worker ant waves its antennae.
The worker ant bites you but does no damage.
You hit the worker ant. The worker ant closely misses you.
Okay, then.
Aim: a worker ant (severely wounded)
The worker ant seems to speed up.
Aim: a worker ant (severely wounded, fast)
The worker ant barely resists.
The worker ant misses you. The worker ant closely misses you.
The worker ant bites you.
* * * LOW HITPOINT WARNING * * *
You are lethally poisoned!
The worker ant poisons you!
It was a potion of cancellation.
You feel magically purged.
* * * LOW HITPOINT WARNING * * *
You feel sick. The worker ant misses you.
It was a potion of berserk rage.
A red film seems to cover your vision as you go berserk!
You feel yourself moving faster!
You feel mighty! The worker ant closely misses you.
The worker ant completely misses you.
You hit the worker ant.
You feel sick. The worker ant bites you.
You die...

. .....# ..#####....#
.....#.....####
#........... #?....#
..#####....#
.......<...# #
.....###.#.#######.##.#
.... ...#.....a@.....#
.## #############.####
#


You could see a worker ant.

Vanquished Creatures
  4 adders (D:2)
  An ooze (D:2)
  3 worms (D:2)
  2 dart slugs (D:1)
  2 giant cockroaches
  7 goblins
  4 hobgoblins
  A ball python (D:2)
  7 bats
  3 frilled lizards
  5 kobolds
  3 rats
42 creatures vanquished.

Notes
Turn   | Place    | Note
-------+----------+-------------------------------------------
     0 | D:1      | MatthieuS the Spriggan Artificer began the quest for the
                  | Orb.
     0 | D:1      | Reached XP level 1. HP: 9/9 MP: 4/4
   206 | D:1      | Reached skill level 1 in Fighting
   381 | D:1      | Reached XP level 2. HP: 4/14 MP: 6/6
  1308 | D:2      | Reached XP level 3. HP: 14/18 MP: 7/7
  1669 | D:2      | Reached skill level 5 in Evocations
  1669 | D:2      | Reached XP level 4. HP: 23/23 MP: 8/8
  2527 | D:3      | Slain by a worker ant

Levels and vault maps discovered:
D:1:      ncdulo_smallfort, layout_loops_ring
D:2:      layout_loops_corners
D:3:      layout_loops_ring, uniq_robin, uniq_sigmund

Skill      XL: |  1  2  3 |
---------------+----------+-----
Fighting       | 1 |  1.9
Stealth        | 2 |  2.9
Evocations     | 5 |  5.1
Short Blades   | |  1.8
Dodging        | |  3.6

Action                   |  1- 3 |  4- 6 || total
-------------------------+-------+-------++-------
Melee: Short sword       |   108 |    47 ||   155
Throw: Dart              |     6 |    28 ||    34
Evoke: Wand              |    14 |     8 ||    22
  Use: Potion            |       |     2 ||     2
 Stab: Sleeping          |     6 |       ||     6
Armor: Robe              |     6 |    10 ||    16
Dodge: Dodged            |    92 |    65 ||   157

Table legend:
 A = Non-vault XP
 B = Vault XP
 C = Vault XP percentage of total XP
 D = Non-vault monster count
 E = Vault monster count
 F = Vault count percentage of total count
                 A         B        C        D         E       F
            +---------+---------+-------+---------+---------+-------
      Total |     132 |       0 |   0.0 |      42 |       0 |   0.0
            +---------+---------+-------+---------+---------+-------
        D:1 |      40 |       0 |   0.0 |      21 |       0 |   0.0
        D:2 |      92 |       0 |   0.0 |      21 |       0 |   0.0
            +---------+---------+-------+---------+---------+-------
